 Dungeon Crawl Stone Soup version 0.20.0-15-g7f486f2 (webtiles) character file.

82476 anfisbena the Scorcher (level 15, -3/70 HPs)
             Began as a Gargoyle Wizard on June 10, 2017.
             Was a High Priest of Vehumet.
             Killed by divine providence
             ... invoked by a smoke demon
              (16 damage)
             ... on level 2 of the Abyss.
             The game lasted 01:16:10 (30859 turns).

anfisbena the Scorcher (Gargoyle Wizard)           Turns: 30859, Time: 01:16:12

Health: -3/70      AC: 20    Str: 19    XL:     15   Next: 73%
Magic:  6/21       EV: 11    Int: 22    God:    Vehumet [*****.]
Gold:   1137       SH: 12    Dex: 17    Spells: 0/30 levels left

rFire    + . .     SeeInvis +   a - staff of earth
rCold    . . .     Gourm    .   U - +2 shield of Ocomihiv {rF+ rN+ SInv}
rNeg     + + .     Faith    .   R - +0 acid dragon scales
rPois    ∞         Spirit   .   (helmet restricted)
rElec    +         Reflect  .   (no cloak)
rCorr    +         Harm     .   Q - +0 pair of gloves "Raepenye" {rElec rPois MR++ Str+4 Stlth-}
MR       +++..                  K - +2 pair of boots of Xuodd {Str+5 Dex+4 Slay+3}
Stlth    +.........             c - amulet of regeneration
Regen    0.7/turn               P - +5 ring of dexterity
MPRegen  0.2/turn               S - ring of see invisible

@: liquid flames, about to teleport, flying, glowing
A: big wings, beak, horns 1, see invisible, [deformed body], dopey 1, [frail 2],
[low mp 2], negative energy resistance 1, sense surroundings 1, [screaming 2],
electricity resistance, weak 1, wild magic 1, unbreathing, evolution 1,
petrification resistance, rot immunity, AC +11
a: Stop Flying, Renounce Religion


You were on level 2 of the Abyss.
You worshipped Vehumet.
Vehumet was extremely pleased with you.
You were not hungry.

You visited 4 branches of the dungeon, and saw 21 of its levels.
You visited the Abyss 1 time.
You also visited: Bailey.

You collected 1512 gold pieces.
You spent 375 gold pieces at shops.

Inventory:

Hand Weapons
 b - a +1 lajatang of flaming
Armour
 K - the +2 pair of boots of Xuodd (worn) {Str+5 Dex+4 Slay+3}
   (You found it on level 6 of the Dungeon)

   It affects your strength (+5).
   It affects your dexterity (+4).
   It affects your accuracy and damage with ranged weapons and melee attacks
   (+3).
 Q - the +0 pair of gloves "Raepenye" (worn) {rElec rPois MR++ Str+4 Stlth-}
   (You found it on level 6 of the Lair of Beasts)

   It affects your strength (+4).
   It insulates you from electricity.
   It protects you from poison.
   It affects your resistance to hostile enchantments.
   It makes you less stealthy.
 R - +0 acid dragon scales (worn)
 U - the +2 shield of Ocomihiv (worn) {rF+ rN+ SInv}
   (You found it on level 12 of the Dungeon)

   It protects you from fire.
   It protects you from negative energy.
   It lets you see invisible.
Magical Staves
 a - an uncursed staff of earth (weapon)
Jewellery
 c - an amulet of regeneration (around neck)
 P - a +5 ring of dexterity (left hand)
 S - a ring of see invisible (right hand)
Wands
 l - a wand of disintegration (16/24)
 X - a wand of acid (3/15)
Scrolls
 e - 2 scrolls of identify
 g - 5 scrolls of fog
 h - 4 scrolls of teleportation
 i - 11 scrolls of remove curse
 s - 2 scrolls of enchant armour
 u - 3 scrolls of amnesia
 v - 2 scrolls of immolation
 A - a scroll of fear
 B - 2 scrolls of acquirement
 E - 3 scrolls of magic mapping
 I - 7 scrolls of recharging
 L - 2 scrolls of blinking
Potions
 k - 3 potions of cancellation {unknown}
 m - a potion of resistance {unknown}
 p - 2 potions of might {unknown}
 t - a potion of heal wounds
 C - 2 potions of haste {unknown}
 D - a potion of berserk rage {unknown}
 F - 5 potions of flight {unknown}
 G - a potion of degeneration {unknown}
 H - 2 potions of invisibility
 O - 3 potions of ambrosia {unknown}
 Z - 11 potions of curing
Books
 n - a book of Misfortune

   Spells                             Type                      Level
   a - Confusing Touch                Hexes                        1
   b - Confuse                        Hexes                        3
   c - Gell's Gravitas                Translocation                3
   d - Petrify                        Transmutation/Earth          4
   e - Metabolic Englaciation         Hexes/Ice                    5
   f - Yara's Violent Unravelling     Hexes/Transmutation          5
 M - a book of the Earth

   Spells                             Type                      Level
   a - Leda's Liquefaction            Hexes/Earth                  4
   b - Bolt of Magma                  Conjuration/Fire/Earth       5
   c - Statue Form                    Transmutation/Earth          6
   d - Iron Shot                      Conjuration/Earth            6
   e - Shatter                        Earth                        9
 V - a book of Enchantments

   Spells                             Type                      Level
   a - Cause Fear                     Hexes                        4
   b - Yara's Violent Unravelling     Hexes/Transmutation          5
   c - Silence                        Hexes/Air                    5
   d - Deflect Missiles               Charms/Air                   6
   e - Discord                        Hexes                        8
Comestibles
 d - 15 bread rations
 f - 21 fruits
 o - 7 royal jellies
 J - 6 meat rations


   Skills:
 - Level 8.0 Fighting
 + Level 7.1 Staves
 - Level 8.0 Armour
 - Level 4.0 Dodging
 - Level 2.1 Stealth
 - Level 4.0 Shields
 - Level 8.0 Spellcasting
 - Level 13.0 Conjurations
   Level 0.8 Summonings
 + Level 2.0 Translocations
 - Level 15.0 Fire Magic
 - Level 2.0 Air Magic
 + Level 10.1 Earth Magic
 - Level 3.0 Poison Magic
 * Level 5.6 Evocations


You couldn't memorise any spells.
You knew the following spells:

 Your Spells              Type           Power        Failure   Level  Hunger
a - Magic Dart            Conj           ####         1%          1    None
b - Blink                 Tloc           N/A          34%         2    None
c - Conjure Flame         Conj/Fire      #######.     1%          3    None
d - Mephitic Cloud        Conj/Pois/Air  #####...     4%          3    None
e - Sticky Flame          Conj/Fire      #######.     1%          4    ###....
f - Fireball              Conj/Fire      #######...   1%          5    #####..
g - Bolt of Magma         Conj/Fire/Erth #######...   2%          5    #####..
h - Swiftness             Chrm/Air       ###.....     45%         2    None
i - Lee's Rapid Deconstr  Erth           #######...   6%          5    #####..


Dungeon Overview and Level Annotations

Branches:
Dungeon (12/15)            Temple (1/1) D:7            Lair (6/6) D:9
 Shoals (2/4) Lair:2        Snake (0/4) Lair:2        Slime (0/5) Lair:6
    Orc (0/2) D:11

Altars:
Ashenzari
Cheibriados
Dithmenos
Elyvilon
Fedhas
Gozag
Hepliaklqana
Kikubaaqudgha
Makhleb
Nemelex Xobeh
Okawaru
Qazlal
Ru
Sif Muna
Trog
Uskayaw
Vehumet
Xom
Yredelemnul
Zin
The Shining One

Shops:
D:9 *   D:10 *   D:11 %!*}[   Shoals:2 =

Annotations:
D:6 2 transporters, Pikel
Shoals:2 Aizul, Louise


Innate Abilities, Weirdness & Mutations

You are resistant to torment.
Your stone body is resilient. (AC +11)
You are immune to poison.
Your large and strong wings let you fly indefinitely.
You resist negative energy. (rN+)
You are resistant to electric shocks. (rElec)
You can survive without breathing.
You are immune to petrification.
You are immune to rotting.
You have a beak for a mouth.
You have a pair of small horns on your head.
You have supernaturally acute eyesight. (SInv)
You are dopey. (Int -2)
You passively map a small area around you.
You are weak. (Str -2)
Your spells are a little harder to cast, but a little more powerful.
You evolve.
[Armour fits poorly on your strangely shaped body.]
[You are very frail. (-20% HP)]
[Your magical capacity is very low. (-20% MP)]
[You sometimes yell uncontrollably at your foes.]


Message History

You peck the wretched star, but do no damage.
The wretched star is moderately damaged.
You are covered in liquid flames!
* * * LOW HITPOINT WARNING * * *
Okay, then.
As you read the scroll of teleportation, it crumbles to dust.
You feel strangely unstable.
You feel the power of the Abyss delaying your translocation!
You are covered in liquid flames!
* * * LOW HITPOINT WARNING * * *
The wretched star pulses with an eldritch light!
You feel the urge to shout.
You feel a strong urge to yell. The smoke demon gestures at you.
The sticky flame hits you!
You are covered in liquid flames!
You are covered in liquid flames!
* * * LOW HITPOINT WARNING * * *
The smoke demon gestures at you. Something smites you!
You die...

#..# .# ..
....##.#.####
###..#.§......##. .
................ .
................
.$........$..........
.. .....#.....# . ..
≈≈
...≈..≈.≈≈*..###...#
≈. ≈
≈≈.....≈@...#..... .
. ≈..≈..≈...........
≈§ ≈
.≈≈≈≈≈.≈≈.3...... . ≈
≈≈ .≈≈..≈≈..........
. ≈ ≈≈≈≈≈≈.≈≈...#....
..
≈≈≈≈≈≈≈..≈..###...# .
≈≈≈≈≈≈≈≈.≈..#..... ≈.
≈ ≈ .≈≈.≈≈......... .
### ## ###.... ....
..


You could see a wretched star and a smoke demon.

Vanquished Creatures
  Jorgrun (Shoals:2)
  A kraken (Shoals:2)
  A very ugly thing (D:12)
  4 dire elephants (Lair:6)
  8 hydras
  A rakshasa (D:11)
  2 merfolk avatars
  2 catoblepae
  2 two-headed ogres
  12 death yaks
  An anaconda (Lair:6)
  Erica (Lair:2)
  Nergalle (D:10)
  2 sea snakes
  An unseen horror (D:12)
  2 wizards (D:12)
  8 harpies (Shoals:1)
  An orc knight (Bailey)
  6 ugly things
  2 cyclopes
  3 manticores
  14 elephants
  A water nymph (Shoals:1)
  4 centaur zombies
  5 black mambas
  Joseph (Lair:1)
  A gargoyle (D:12)
  10 spiny frogs
  3 rime drakes
  8 komodo dragons
  4 merfolk
  2 ice devils (Lair:6)
  A wind drake (Shoals:1)
  A hornet (D:11)
  Prince Ribbit (D:7)
  3 trolls (D:12)
  20 blink frogs
  2 slime creatures (Lair:6)
  2 snapping turtles
  14 hippogriffs
  2 dream sheep (Shoals:2)
  A spriggan (D:8)
  A ynoxinul (Abyss:2)
  2 wraiths (D:11)
  A shadow (D:12)
  7 wyverns
  4 hungry ghosts
  28 yaks
  3 water elementals
  4 basilisks
  2 vampire mosquitoes (D:11)
  An acid dragon (D:9)
  17 water moccasins
  The ghost of murphy the Magician, an amateur VSMo (D:6)
  7 porcupines
  8 orc warriors
  3 ice beasts
  2 black bears
  2 necrophages
  3 sky beasts
  3 ogres
  4 phantoms
  8 centaurs
  28 wolves
  11 crocodiles
  4 big kobolds
  Blork the orc (D:5)
  11 bullfrogs
  7 scorpions
  5 killer bees (D:10)
  14 wights
  9 howler monkeys
  7 crimson imps
  2 bullfrog zombies
  8 orc wizards
  3 jellies
  4 bullfrog skeletons
  7 hounds
  8 orc priests
  Ijyb (D:4)
  8 worker ants
  A killer bee zombie (D:5)
  A hound zombie (D:5)
  2 hound skeletons
  A worker ant zombie (D:5)
  A howler monkey zombie (D:6)
  8 gnolls
  A river rat (D:5)
  24 adders
  5 shadow imps
  An adder zombie (D:1)
  A worm (D:3)
  A dart slug (D:2)
  6 leopard geckos
  50 orcs
  A bat zombie (D:1)
  10 giant cockroaches
  10 goblins
  11 hobgoblins
  16 jackals
  6 quokkas
  A ball python (D:1)
  5 bats
  5 frilled lizards
  A giant cockroach zombie (D:6)
  31 kobolds
  A quokka zombie (D:8)
  7 rats
  5 fungi
624 creatures vanquished.

Vanquished Creatures (others)
  15 fungi
  29 plants
  4 tentacles (Shoals:2)
48 creatures vanquished.

Grand Total: 672 creatures vanquished

Notes
Turn   | Place    | Note
-------+----------+-------------------------------------------
     0 | D:1      | anfisbena the Gargoyle Wizard began the quest for the Orb.
     0 | D:1      | Reached XP level 1. HP: 10/10 MP: 4/4
   165 | D:1      | Reached XP level 2. HP: 10/15 MP: 6/6
  1107 | D:2      | Reached XP level 3. HP: 13/19 MP: 2/7
  1267 | D:2      | Reached skill level 1 in Shields
  1665 | D:1      | Reached XP level 4. HP: 20/24 MP: 4/9
  2512 | D:2      | Found a faded altar of an unknown god.
  2588 | D:2      | Reached XP level 5. HP: 28/28 MP: 5/10
  2731 | D:2      | Learned a level 2 spell: Blink
  2735 | D:2      | Learned a level 3 spell: Conjure Flame
  2739 | D:2      | Learned a level 3 spell: Mephitic Cloud
  3905 | D:4      | Reached skill level 1 in Poison Magic
  4059 | D:4      | Reached skill level 1 in Fire Magic
  4201 | D:4      | Reached XP level 6. HP: 30/32 MP: 5/11
  4745 | D:4      | Found a shimmering altar of Xom.
  4889 | D:4      | Noticed a phantom
  4944 | D:4      | Killed a phantom
  4944 | D:4      | Reached skill level 2 in Fire Magic
  4944 | D:4      | Reached skill level 1 in Air Magic
  5344 | D:5      | Entered Level 5 of the Dungeon
  5371 | D:5      | Reached XP level 7. HP: 36/36 MP: 7/13
  5641 | D:5      | Noticed Ijyb
  5699 | D:4      | Killed Ijyb
  6116 | D:5      | Reached skill level 3 in Fire Magic
  6122 | D:5      | Noticed Blork the orc
  6911 | D:5      | Killed Blork the orc
  7044 | D:5      | Reached XP level 8. HP: 41/41 MP: 7/14
  7364 | D:5      | Reached skill level 5 in Conjurations
  7364 | D:5      | Reached skill level 4 in Fire Magic
  7670 | D:6      | Noticed murphy's ghost (amateur VSMo)
  7793 | D:6      | Killed murphy's ghost
  8046 | D:6      | Found a transporter.
  8057 | D:6      | Noticed Pikel
  8216 | D:6      | Found a transporter.
  8328 | D:6      | Reached skill level 5 in Fire Magic
  8463 | D:6      | Got a pair of warped boots
  8474 | D:6      | Identified the +2 pair of boots of Xuodd {Str+5 Dex+4 Slay+3} (You found it on level 6 of the Dungeon)
  8780 | D:6      | Noticed a yak
  8782 | D:6      | Noticed a yak
  8784 | D:6      | Noticed a yak
  8802 | D:6      | Killed a yak
  8802 | D:6      | Reached XP level 9. HP: 45/45 MP: 11/15
  8884 | D:6      | Reached skill level 6 in Fire Magic
  9059 | D:7      | Found a staircase to the Ecumenical Temple.
  9090 | Temple   | Entered the Ecumenical Temple
  9102 | Temple   | Became a worshipper of Vehumet
  9396 | D:7      | Noticed Prince Ribbit
  9409 | D:7      | Killed Prince Ribbit
  9520 | D:7      | Found a flagged portal.
  9532 | Bailey   | Entered a bailey
  9722 | Bailey   | Noticed an orc knight
  9731 | Bailey   | Reached skill level 7 in Fire Magic
  9752 | Bailey   | Killed an orc knight
  9752 | Bailey   | Reached skill level 10 in Conjurations
  9752 | Bailey   | Reached XP level 10. HP: 50/50 MP: 0/16
  9756 | Bailey   | Reached * piety under Vehumet
  9756 | Bailey   | Offered knowledge of Sandblast by Vehumet.
  9876 | Bailey   | Found an iron altar of Okawaru.
 10315 | D:8      | Reached skill level 1 in Fighting
 10315 | D:8      | Reached skill level 1 in Armour
 10315 | D:8      | Reached skill level 8 in Fire Magic
 11567 | D:8      | Offered knowledge of Throw Frost by Vehumet.
 11571 | D:8      | Reached ** piety under Vehumet
 11603 | D:8      | Reached skill level 9 in Fire Magic
 12848 | D:9      | Offered knowledge of Throw Flame by Vehumet.
 12873 | D:9      | Found Caet's General Store.
 13120 | D:9      | Reached *** piety under Vehumet
 13138 | D:9      | Reached skill level 10 in Fire Magic
 13145 | D:9      | Reached XP level 11. HP: 62/62 MP: 13/17
 13345 | D:9      | Reached skill level 5 in Armour
 13407 | D:9      | Found a staircase to the Lair.
 13747 | Lair:1   | Entered Level 1 of the Lair of Beasts
 13821 | Lair:1   | Reached skill level 5 in Fighting
 13966 | Lair:1   | Offered knowledge of Sticky Flame by Vehumet.
 14009 | Lair:1   | Learned a level 4 spell: Sticky Flame
 14165 | Lair:1   | Reached skill level 11 in Fire Magic
 14698 | Lair:1   | Noticed Joseph
 14711 | Lair:1   | Killed Joseph
 15382 | Lair:2   | Reached **** piety under Vehumet
 15389 | Lair:2   | Reached XP level 12. HP: 37/71 MP: 17/19
 15582 | Lair:2   | Reached skill level 5 in Spellcasting
 15589 | Lair:2   | Reached skill level 12 in Fire Magic
 15970 | Lair:2   | Found a staircase to the Snake Pit.
 16316 | Lair:2   | Offered knowledge of Fireball by Vehumet.
 16323 | Lair:2   | Learned a level 5 spell: Fireball
 16380 | Lair:2   | Noticed an eight-headed hydra
 16796 | Lair:2   | Noticed Erica
 16801 | Lair:2   | Killed Erica
 17079 | Lair:2   | Found a staircase to the Shoals.
 17670 | Lair:3   | Noticed an eight-headed hydra
 17685 | Lair:3   | Killed a seven-headed hydra
 18135 | Lair:3   | Reached skill level 13 in Fire Magic
 18741 | Lair:4   | Noticed a catoblepas
 18752 | Lair:4   | Killed a catoblepas
 19089 | Lair:4   | Noticed a death yak
 19101 | Lair:4   | Noticed a death yak
 19101 | Lair:4   | Noticed a death yak
 19102 | Lair:4   | Noticed a death yak
 19103 | Lair:4   | Noticed a death yak
 19104 | Lair:4   | Noticed a death yak
 19104 | Lair:4   | Killed a death yak
 19104 | Lair:4   | Reached XP level 13. HP: 58/78 MP: 18/22
 19445 | Lair:4   | Reached skill level 14 in Fire Magic
 20698 | Lair:5   | Reached skill level 15 in Fire Magic
 20875 | Lair:5   | Got a bound iron ring
 21404 | Lair:6   | Entered Level 6 of the Lair of Beasts
 21424 | Lair:5   | Reached ***** piety under Vehumet
 21478 | Lair:6   | Offered knowledge of Bolt of Magma by Vehumet.
 22181 | Lair:6   | Learned a level 5 spell: Bolt of Magma
 22233 | Lair:6   | Found a staircase to the Slime Pits.
 22426 | Lair:5   | Gained mutation: Your large and strong wings let you fly indefinitely. [Gargoyle growth]
 22426 | Lair:5   | Reached XP level 14. HP: 49/84 MP: 19/23
 22876 | Lair:6   | Learned a level 2 spell: Swiftness
 22879 | Lair:6   | Identified the ring of the Mackerel {Ice *Drain rPois MR+ SInv} (You found it on level 5 of the Lair of Beasts)
 22931 | Lair:6   | Reached skill level 1 in Earth Magic
 23438 | Lair:6   | Noticed a dire elephant
 23469 | Lair:6   | Killed a dire elephant
 23669 | Lair:6   | Noticed a dire elephant
 23669 | Lair:6   | Noticed a dire elephant
 23709 | Lair:6   | Noticed a dire elephant
 23715 | Lair:6   | Killed a dire elephant
 24029 | Lair:6   | Killed a dire elephant
 24151 | Lair:6   | Got a pair of translucent gloves
 24162 | Lair:6   | Identified the +0 pair of gloves "Raepenye" {rElec rPois MR++ Str+4 Stlth-} (You found it on level 6 of the Lair of Beasts)
 24388 | Lair:6   | Noticed a dire elephant
 24406 | Lair:6   | Killed a dire elephant
 24406 | Lair:6   | Reached skill level 5 in Earth Magic
 24988 | Lair:6   | Identified 2 scrolls of acquirement
 25275 | D:10     | Entered Level 10 of the Dungeon
 25369 | D:10     | Gained mutation: You have sharp toenails. [mutagenic meat]
 25370 | D:10     | Lost mutation: You have sharp toenails. [mutagenic meat]
 25371 | D:10     | Gained mutation: Your flesh is cold resistant. (rC+) [mutagenic meat]
 25372 | D:10     | Gained mutation: Your spells are a little easier to cast, but a little less powerful. [mutagenic meat]
 25373 | D:10     | Lost mutation: Your flesh is cold resistant. (rC+) [mutagenic meat]
 25408 | D:10     | Lost mutation: Your spells are a little easier to cast, but a little less powerful. [potion of mutation]
 25408 | D:10     | Gained mutation: You are partially covered in icy blue scales. (AC +2) [potion of mutation]
 25408 | D:10     | Gained mutation: You are dopey. (Int -2) [potion of mutation]
 25408 | D:10     | Gained mutation: You are resistant to hostile enchantments. (MR+) [potion of mutation]
 25408 | D:10     | Gained mutation: Your muscles are strong. (Str +2) [potion of mutation]
 25461 | D:10     | Noticed Nergalle
 25468 | D:10     | Killed Nergalle
 25468 | D:10     | Reached skill level 1 in Staves
 25542 | D:10     | Found Kauluit's General Store.
 25588 | D:10     | Found a shadowy altar of Dithmenos.
 25738 | D:10     | Gained mutation: You have a pair of small horns on your head. [mutagenic meat]
 25739 | D:10     | Gained mutation: Your body sometimes deteriorates upon taking damage. [mutagenic meat]
 25740 | D:10     | Lost mutation: Your body sometimes deteriorates upon taking damage. [potion of mutation]
 25740 | D:10     | Lost mutation: Your muscles are strong. (Str +2) [potion of mutation]
 25740 | D:10     | Lost mutation: You have a pair of small horns on your head. [potion of mutation]
 25740 | D:10     | Lost mutation: You are partially covered in icy blue scales. (AC +2) [potion of mutation]
 25740 | D:10     | Gained mutation: You have a beak for a mouth. [potion of mutation]
 25740 | D:10     | Gained mutation: You have a pair of small horns on your head. [potion of mutation]
 26079 | D:11     | Found Pialeol's Distillery.
 26092 | D:11     | Found a staircase to the Orcish Mines.
 26112 | D:11     | Found Pyqaffec's General Store.
 26215 | D:11     | Found Vil Ecef's Gadget Boutique.
 26278 | D:11     | Found Udwiluc's Armour Shoppe.
 26564 | D:11     | Found Bohuten's Food Shoppe.
 27174 | D:12     | Reached XP level 15. HP: 88/88 MP: 27/27
 27255 | D:12     | Got a spiked shield
 27262 | D:12     | Identified the +2 shield of Ocomihiv {rF+ rN+ SInv} (You found it on level 12 of the Dungeon)
 27429 | D:10     | Bought an uncursed staff of earth for 375 gold pieces
 27577 | D:12     | Reached skill level 1 in Evocations
 27662 | D:12     | Reached skill level 5 in Staves
 28253 | D:12     | Reached ****** piety under Vehumet
 28344 | D:12     | Gained mutation: Your body sometimes deteriorates upon taking damage. [mutagenic meat]
 28345 | D:12     | Lost mutation: Your body sometimes deteriorates upon taking damage. [potion of mutation]
 28345 | D:12     | Lost mutation: You are resistant to hostile enchantments. (MR+) [potion of mutation]
 28345 | D:12     | Gained mutation: You evolve. [potion of mutation]
 28378 | D:12     | Gained mutation: Your flesh is heat resistant. (rF+) [evolution]
 28433 | D:12     | Offered knowledge of Lee's Rapid Deconstruction by Vehumet.
 28472 | D:12     | Learned a level 5 spell: Lee's Rapid Deconstruction
 28918 | D:11     | Gained mutation: Your spells are a little harder to cast, but a little more powerful. [mutagenic meat]
 28920 | D:11     | Gained mutation: You are weak. (Str -2) [mutagenic meat]
 28921 | D:11     | Lost mutation: Your flesh is heat resistant. (rF+) [mutagenic meat]
 28922 | D:11     | Gained mutation: You passively map a small area around you. [mutagenic meat]
 28923 | D:11     | Gained mutation: You have supernaturally acute eyesight. (SInv) [mutagenic meat]
 29065 | Shoals:1 | Entered Level 1 of the Shoals
 30213 | Shoals:2 | Found Etesur's Jewellery Shop.
 30233 | Shoals:2 | Reached skill level 1 in Translocations
 30237 | Shoals:2 | Reached skill level 5 in Evocations
 30372 | Shoals:2 | Noticed a kraken
 30375 | Shoals:2 | Killed a kraken
 30508 | Shoals:2 | Reached skill level 10 in Earth Magic
 30542 | Shoals:2 | Noticed Aizul
 30745 | Shoals:2 | Noticed Jorgrun
 30754 | Shoals:2 | Noticed Louise
 30759 | Shoals:2 | Killed Jorgrun
 30789 | Shoals:2 | Cast into level 2 of the Abyss (Louise)
 30789 | Abyss:2  | Found a corrupted altar of Lugonu.
 30859 | Abyss:2  | Killed from afar by a smoke demon

Skill      XL: |  1  2  3  4  5  6  7  8  9 10 11 12 13 14 15 |
---------------+----------------------------------------------+-----
Conjurations   | 2 3 4 7 10 12 13 | 13.0
Shields        | 1 2 3 4 |  4.0
Poison Magic   | 1 2 3 |  3.0
Fire Magic     | 1 2 3 5 7 10 11 13 15 | 15.0
Spellcasting   | 4 6 8 |  8.0
Air Magic      | 1 2 |  2.0
Fighting       | 4 6 8 |  8.0
Armour         | 4 6 8 |  8.0
Dodging        | 3 4 |  4.0
Earth Magic    | 8 10 | 10.1
Staves         | 4 7 |  7.1
Evocations     | 5 |  5.6
Translocations | 2 |  2.0
Stealth        | |  2.1
Summonings     | |  0.8

Action                   |  1- 3 |  4- 6 |  7- 9 | 10-12 | 13-15 || total
-------------------------+-------+-------+-------+-------+-------++-------
Melee: Unarmed           |    13 |       |       |       |    24 ||    37
       Spear             |    51 |     5 |       |       |       ||    56
       Short sword       |       |    56 |   176 |    93 |       ||   325
       Long sword        |       |       |       |   316 |       ||   316
       Scimitar          |       |       |       |    84 |   422 ||   506
       Lajatang          |       |       |       |       |   279 ||   279
       Peck              |       |       |       |       |   127 ||   127
       Headbutt          |       |       |       |       |   113 ||   113
       Staff             |       |       |       |       |   266 ||   266
 Cast: Magic Dart        |    30 |   170 |   342 |   559 |   131 ||  1232
       Conjure Flame     |       |       |     7 |    16 |    21 ||    44
       Mephitic Cloud    |       |       |    10 |    20 |     8 ||    38
       Blink             |       |       |       |     3 |     8 ||    11
       Sticky Flame      |       |       |       |    20 |    83 ||   103
       Fireball          |       |       |       |     6 |    40 ||    46
       Bolt of Magma     |       |       |       |       |    12 ||    12
       Swiftness         |       |       |       |       |     1 ||     1
 Abil: Fly               |       |       |       |       |     1 ||     1
Evoke: Wand              |       |       |     2 |       |       ||     2
  Use: Scroll            |       |       |     3 |     9 |    13 ||    25
       Potion            |       |       |     1 |     2 |     5 ||     8
 Stab: Sleeping          |     2 |     1 |       |     1 |       ||     4
       Confused          |       |       |       |     2 |     1 ||     3
  Eat: Chunk             |     1 |    12 |    14 |    40 |    69 ||   136
       Fruit             |       |       |     1 |       |    15 ||    16
Armor: Robe              |    22 |     5 |       |       |       ||    27
       Leather armour    |       |    23 |    99 |    97 |       ||   219
       Acid dragon scale |       |       |       |   334 |   812 ||  1146
       Troll leather arm |       |       |       |       |    28 ||    28
Dodge: Dodged            |    45 |    37 |   137 |   356 |   806 ||  1381
Block: Buckler           |     3 |    16 |    46 |   183 |   261 ||   509
       Reflection        |       |       |       |       |     1 ||     1
       Shield            |       |       |       |       |   180 ||   180
       Rpst.: Long sword |       |       |       |    78 |       ||    78
       Scimitar          |       |       |       |    10 |   117 ||   127
